 Dungeon Sprint DCSS version 0.31-a0-1074-g0b22e4e0f1 (webtiles) character file.

Game seed: 10593202365046812108

15311 rocky1 the Timeless (level 12, -35/136 HPs)
             Began as an Ogre Gladiator on Nov 28, 2023.
             Was a High Priest of Cheibriados.
             Killed from afar by a frost giant (36 damage)
             ... with a bolt of cold
             ... in the Dungeon (Sprint VII: "The Pits").
             The game lasted 00:06:49 (3353 turns).

rocky1 the Timeless (Ogre Gladiator)                Turns: 3353, Time: 00:06:50

Health: -35/136    AC: 12    Str: 40    XL:     12   Next: 25%
Magic:  24/24      EV: 19    Int: 25    God:    Cheibriados [*****.]
Gold:   39         SH:  0    Dex: 24    Spells: 12/20 levels left

rFire   . . .        h - +2 dire flail (heavy)
rCold   . . .        (shield currently unavailable)
rNeg    . . .        z - +0 swamp dragon scales
rPois   +            c - +0 hat
rElec   .            (no cloak)
rCorr   .            (gloves unavailable)
SInv    .            (boots unavailable)
Will    +....        (no amulet)
Stlth   +++          t - +3 ring of protection
HPRegen 0.42/turn    u - +3 ring of strength
MPRegen 0.19/turn

%: no teleportation
@: very slow
A: large, unfitting armour, tough skin 1
a: Renounce Religion, Bend Time, Temporal Distortion, Slouch, Step From Time


You were in the Dungeon.
You worshipped Cheibriados.
Cheibriados was extremely pleased with you.
You visited 1 branch You collected 39 gold pieces.

Inventory:

Hand Weapons
 a - a +0 flail
 h - a +2 heavy dire flail (weapon)
 p - a +2 heavy mace
 y - a +1 heavy broad axe
Missiles
 d - 3 throwing nets (quivered)
 e - a large rock
 q - a boomerang
 r - 6 poisoned darts
 J - 4 atropa-tipped darts
Armour
 b - a +0 robe
 c - a +0 hat (worn)
 z - +0 swamp dragon scales (worn)
 A - +0 acid dragon scales
Jewellery
 t - a +3 ring of protection (left hand)
 u - a +3 ring of strength (right hand)
 H - a ring of protection from cold
 I - a ring of fire
Wands
 s - a wand of flame (11)
Scrolls
 k - a scroll of blinking
 m - 2 scrolls of vulnerability
 n - 5 scrolls of amnesia
 o - a scroll of butterflies
 B - 2 scrolls of identify
 D - 4 scrolls of enchant weapon
 E - 2 scrolls of fog
 F - 3 scrolls of fear
 G - a scroll of enchant armour
Potions
 f - 5 potions of curing
 g - 13 potions of heal wounds
 i - 2 potions of magic
 j - 3 potions of berserk rage
 l - 2 potions of invisibility
 v - 2 potions of resistance
 w - 3 potions of mutation
 x - 4 potions of brilliance
 C - 2 potions of might


   Skills:
 + Level 13.0 Fighting
 * Level 16.8 Maces & Flails
 + Level 2.1 Throwing
 + Level 5.8 Armour
 + Level 12.2 Dodging
 - Level 6.3 Stealth
 * Level 4.5 Spellcasting
 * Level 2.8 Air Magic
 - Level 16.9 Invocations


You had 12 spell levels left.
You knew the following spells:

 Your Spells              Type           Power      Damage    Failure   Level
a - Maxwell's Capacitive  Air            9%         ∞         100%        8

Your spell library contained the following spells:

 Spells                   Type           Power      Damage    Failure   Level
 Dazzling Flash           Conj/Hex       10%        N/A       32%         3
 Volatile Blastmotes      Fire/Tloc      10%        2d10      32%         3
 Starburst                Conj/Fire      2%         6d3       100%        6


Dungeon Overview and Level Annotations

Branches:
Dungeon (1/1)

Altars:
Ashenzari
Cheibriados
Dithmenos
Elyvilon
Fedhas
Gozag
Hepliaklqana
Kikubaaqudgha
Makhleb
Nemelex Xobeh
Okawaru
Qazlal
Ru
Sif Muna
Trog
Uskayaw
Vehumet
Wu Jian
Xom
Yredelemnul
Zin
The Shining One
Jiyva
Lugonu


Innate Abilities, Weirdness & Mutations

You are too large for most types of armour.
You have tough skin. (AC +1)


Message History

Your Air Magic skill increases to level 2!
Activating: Slouch (0% risk of failure)
Press: ? - help, Dir - look around, f - activate You can feel time thicken for a moment.
You kill the catoblepas!
Cheibriados appreciates the change of pace.
The frost giant casts a spell at you. The bolt of cold hits you!
* * * LOW HITPOINT WARNING * * *
Your Fighting skill increases to level 13!
You feel much better.
The frost giant gestures at you while chanting.
The bolt of cold hits you!
* * * LOW HITPOINT WARNING * * *
Okay, then.
Activating: Slouch (0% risk of failure)
Press: ? - help, Dir - look around, f - activate You can feel time thicken for a moment.
Cheibriados lowers the support of your attributes as your movement quickens.
The frost giant casts a spell at you. The bolt of cold misses you.
Unknown command.
You feel much better.
The black draconian knight gestures wildly while chanting.
The black draconian knight flickers and vanishes!
Deactivating autopickup; reactivate with Ctrl-A.
The frost giant gestures at you while chanting.
The bolt of cold hits you!!
* * * LOW HITPOINT WARNING * * *
Blink to where?
Press: ? - help, Dir - move target
As you read the scroll of blinking, it crumbles to dust.
You feel much better. Magic courses through your body.
The frost giant casts a spell at you. The bolt of cold hits you!!!
* * * LOW HITPOINT WARNING * * *
The frost giant points at you and mumbles some strange words.
The bolt of cold hits you!!!
You die...

####++#####
..........#
..........#
..#....#..#
+..........#
#..........#
#..#....#..#
+.......@..#
+..........#
#..#....#..#
#..........+
#..........+
###'C####''#
###''####''##########
#..C...##............
#.#)##.##....).......


You could see a frost giant and a fire giant.

Vanquished Creatures
  A vampire knight (D)
  A catoblepas (D)
  An anaconda (D)
  A two-headed ogre (D)
  A flayed ghost (D)
  A swamp dragon (D)
  A phantasmal warrior (D)
  An orc knight (D)
  A necromancer (D)
  An orc sorcerer (D)
  A black mamba (shapeshifter) (D)
  A large abomination (D)
  A merfolk siren (D)
  An orange demon (D)
  2 gargoyles (D)
  Joseph (D)
  A rust devil (D)
  A guardian mummy (D)
  3 komodo dragons (D)
  An ice devil (D)
  A hellwing (D)
  A tyrant leech (D)
  A glass eye (D)
  A snapping turtle (D)
  11 dream sheep (D)
  A jumping spider (D)
  A water elemental (D)
  A ynoxinul (D)
  A spriggan (D)
  6 yaks (D)
  2 vampire mosquitoes (D)
  2 wargs (D)
  An acid dragon (D)
  5 hell hounds (D)
  A sky beast (D)
  2 wolves (D)
  A kobold brigand (D)
  A necrophage (D)
  A gnoll sergeant (D)
  A scorpion (D)
  4 wights (D)
  4 killer bees (D)
  2 orc priests (D)
  A hell rat (D)
  Ijyb (D)
  4 gnolls (D)
  A river rat (D)
  An adder skeleton (D)
  A worm (D)
  7 orcs (D)
  2 bats (D)
  2 bat skeletons (D)
  A bat zombie (D)
  An endoplasm (D)
  A giant cockroach (D)
  A hobgoblin (D)
  3 jackals (D)
  3 quokkas (D)
  A ball python simulacrum (D)
  A ball python zombie (D)
  A bat simulacrum (D)
  3 frilled lizards (D)
  A giant cockroach zombie (D)
  2 rats (D)
114 creatures vanquished.

Notes
Turn   | Place    | Note
-------+----------+-------------------------------------------
     0 | D        | rocky1 the Ogre Gladiator began the quest for the Orb.
     0 | D        | Reached XP level 1. HP: 22/22 MP: 1/1
    20 | D        | Found a bloodstained altar of Trog.
    20 | D        | Found a shimmering blue altar of Sif Muna.
    20 | D        | Found a viscous altar of Jiyva.
    20 | D        | Found a hazy altar of Hepliaklqana.
    20 | D        | Found an opulent altar of Gozag.
    21 | D        | Found a glowing golden altar of the Shining One.
    21 | D        | Found a glowing silver altar of Zin.
    21 | D        | Found a basalt altar of Yredelemnul.
    21 | D        | Found a shimmering altar of Xom.
    21 | D        | Found an ornate altar of the Wu Jian Council.
    21 | D        | Found a sacrificial altar of Ru.
    21 | D        | Found a stormy altar of Qazlal.
    21 | D        | Found an iron altar of Okawaru.
    21 | D        | Found a sparkling altar of Nemelex Xobeh.
    21 | D        | Found a burning altar of Makhleb.
    21 | D        | Found a blossoming altar of Fedhas.
    21 | D        | Found a white marble altar of Elyvilon.
    21 | D        | Found a shadowy altar of Dithmenos.
    21 | D        | Found a snail-covered altar of Cheibriados.
    25 | D        | Found a corrupted altar of Lugonu.
    25 | D        | Found a radiant altar of Vehumet.
    26 | D        | Found a broken altar of Ashenzari.
    26 | D        | Found an ancient bone altar of Kikubaaqudgha.
    26 | D        | Found a hide-covered altar of Uskayaw.
    32 | D        | Became a worshipper of Cheibriados the Contemplative
    69 | D        | Noticed a glass eye
    98 | D        | Killed a glass eye
    99 | D        | Reached skill level 5 in Dodging
    99 | D        | Reached XP level 2. HP: 33/33 MP: 1/5
    99 | D        | Reached XP level 3. HP: 40/40 MP: 1/6
    99 | D        | Reached XP level 4. HP: 49/49 MP: 1/7
    99 | D        | Reached XP level 5. HP: 55/55 MP: 1/8
   106 | D        | Reached * piety under Cheibriados
   181 | D        | Reached ** piety under Cheibriados
   182 | D        | Reached XP level 6. HP: 41/65 MP: 9/9
   414 | D        | Reached skill level 5 in Invocations
   420 | D        | Reached *** piety under Cheibriados
   518 | D        | Reached **** piety under Cheibriados
   520 | D        | Noticed a sky beast
   522 | D        | Reached skill level 5 in Fighting
   526 | D        | Reached ***** piety under Cheibriados
   531 | D        | Reached skill level 10 in Maces & Flails
   531 | D        | Reached XP level 7. HP: 36/74 MP: 5/11
   768 | D        | Reached ****** piety under Cheibriados
   777 | D        | Noticed Ijyb
   784 | D        | Killed Ijyb
   791 | D        | Reached skill level 1 in Stealth
  1061 | D        | Noticed a warg
  1061 | D        | Noticed a vampire mosquito
  1061 | D        | Noticed a vampire mosquito
  1062 | D        | Killed a vampire mosquito
  1062 | D        | Killed a vampire mosquito
  1062 | D        | Killed a warg
  1063 | D        | Reached XP level 8. HP: 87/87 MP: 6/13
  1351 | D        | Reached XP level 9. HP: 96/96 MP: 8/15
  1399 | D        | Noticed a necromancer
  1405 | D        | Killed a necromancer
  1583 | D        | Noticed a gargoyle
  1589 | D        | Killed a gargoyle
  1590 | D        | Reached skill level 10 in Invocations
  1590 | D        | Noticed an orc sorcerer
  1591 | D        | Noticed an orc knight
  1598 | D        | Killed an orc sorcerer
  1599 | D        | Reached skill level 10 in Dodging
  1599 | D        | Reached XP level 10. HP: 99/107 MP: 6/18
  1600 | D        | Killed an orc knight
  1679 | D        | Noticed a phantasmal warrior
  1687 | D        | Killed a phantasmal warrior
  1831 | D        | Noticed a gargoyle
  1835 | D        | Killed a gargoyle
  1959 | D        | Reached skill level 5 in Stealth
  1962 | D        | Reached skill level 15 in Maces & Flails
  1966 | D        | Reached skill level 10 in Fighting
  2118 | D        | Noticed a two-headed ogre
  2118 | D        | Noticed a swamp dragon
  2123 | D        | Reached XP level 11. HP: 91/119 MP: 9/21
  2123 | D        | Killed a two-headed ogre
  2125 | D        | Killed a swamp dragon
  2452 | D        | Reached skill level 15 in Invocations
  2842 | D        | Noticed a flayed ghost
  2845 | D        | Killed a flayed ghost
  2845 | D        | Noticed a vampire knight
  2852 | D        | Killed a vampire knight
  3143 | D        | Noticed Joseph
  3152 | D        | Killed Joseph
  3153 | D        | Reached skill level 1 in Spellcasting
  3175 | D        | Reached XP level 12. HP: 99/132 MP: 24/24
  3312 | D        | Reached skill level 5 in Armour
  3338 | D        | Learned a level 8 spell: Maxwell's Capacitive Coupling
  3341 | D        | Noticed a frost giant
  3341 | D        | Noticed a black draconian knight
  3341 | D        | Noticed a fire giant
  3341 | D        | Noticed a catoblepas
  3341 | D        | Noticed an anaconda
  3344 | D        | Killed an anaconda
  3345 | D        | Reached skill level 1 in Air Magic
  3346 | D        | Killed a catoblepas
  3353 | D        | HP: 1/136 [frost giant/bolt of cold (63)]
  3353 | D        | Killed from afar by a frost giant

Illustrated notes

Levels and vault maps discovered:
D:        pitsprint [storerooms_1, entrance_room_1, metal_vault_5, armoury_1,
          mini_pit_1, grid_room_1, main_hall_1, silver_pit, the_coven_2,
          the_vestibule_1, steel_vault_1, golden_pit, hallway_of_sentries,
          crystal_vault_1, iron_vault_4, final_vault]

Skill      XL: |  1  2  3  4  5  6  7  8  9 10 11 12 |
---------------+-------------------------------------+-----
Maces & Flails | 7 8 10 12 13 14 15 16 | 16.8
Dodging        | 5 6 8 10 11 12 | 12.2
Fighting       | 4 5 7 9 10 12 13 | 13.0
Armour         | 3 4 5 |  5.8
Invocations    | 4 6 7 8 10 14 16 | 16.9
Stealth        | 2 4 5 6 |  6.3
Spellcasting   | 1 4 |  4.5
Air Magic      | 2 |  2.8
Throwing       | |  2.1

Action                     |  1- 3 |  4- 6 |  7- 9 | 10-12 || total
---------------------------+-------+-------+-------+-------++-------
  Melee: Flail             |    29 |    29 |       |       ||    58
         Punch             |     1 |       |       |       ||     1
         Mace              |       |    13 |    26 |       ||    39
         Dire flail        |       |       |    14 |    64 ||    78
 Invoke: Slouch            |       |     1 |     9 |    16 ||    26
    Use: Potion            |       |       |       |     6 ||     6
         Scroll            |       |       |       |     1 ||     1
   Stab: Sleeping          |       |       |     2 |     2 ||     4
         Distracted        |       |       |       |     1 ||     1
 Armour: Robe              |     3 |    38 |    24 |    10 ||    75
         Swamp dragon scal |       |       |       |    49 ||    49
  Dodge: Dodged            |     2 |    28 |    35 |    63 ||   128

Table legend: (Time is in decaauts)
 A = Elapsed time spent in this place.
 B = Non-inter-level travel time spent in this place.
 C = Inter-level travel time spent in this place.
 D = Time resting spent in this place.
 E = Time spent auto-exploring this place.
 F = Levels seen in this place.
 G = Mean time per level.
                   A        B        C        D        E       F      G
               +--------+--------+--------+--------+--------+-----+--------+
         Total |   3833 |   3686 |    147 |   2473 |      0 |   1 | 3833.0 |
       Dungeon |   3833 |   3686 |    147 |   2473 |      0 |   1 | 3833.0 |
               +--------+--------+--------+--------+--------+-----+--------+

Top non-repeatable levels by time:
       D: 3833 daAuts
